 Dungeon Crawl Stone Soup version 0.26-a0-1205-g4083c211ab (webtiles) character file.

Game seed: 14297100321566817460

3720 ooooo the Destroyer (level 9, -27/34 HPs)
             Began as a Felid Conjurer on Dec 29, 2020.
             Was a Priest of Sif Muna.
             Annihilated by a boulder beetle (33 damage)
             ... on level 2 of the Lair of Beasts.
             The game lasted 00:39:50 (14303 turns).

ooooo the Destroyer (Felid Conjurer)               Turns: 14303, Time: 00:39:50

Health: -27/34     AC:  2    Str: 11    XL:     9   Next: 92%
Magic:  3/24       EV: 18    Int: 23    God:    Sif Muna [***...]
Gold:   594        SH:  0    Dex: 15    Spells: 9/29 levels left
                                        Lives:  0   Deaths: 3

rFire    . . .     SeeInvis +   (weapon unavailable)
rCold    + . .     Faith    .   (shield unavailable)
rNeg     . . .     Spirit   .   (armour unavailable)
rPois    .         Reflect  .   (helmet unavailable)
rElec    .         Harm     .   (cloak unavailable)
rCorr    .         Rampage  .   (gloves unavailable)
Will     +....                  (boots unavailable)
Stlth    +++.......             w - amulet "Fihinough" {Regen+ Str+2}
HPRegen  0.51/turn              r - +6 ring of strength
MPRegen  0.19/turn              f - ring of protection from cold

@: quick
A: very small, no armour, no weapons or thrown items, stealth, claws 1, fangs 3,
see invisible, speed 1, shaggy fur 2, sharp paws
a: Renounce Religion, Channel Magic, Forget Spell


You were on level 2 of the Lair of Beasts.
You worshipped Sif Muna.
Sif Muna was most pleased with you.
You visited 3 branches of the dungeon, and saw 12 of its levels.

You collected 837 gold pieces.
You spent 243 gold pieces at shops.

Inventory:

Jewellery
 f - a ring of protection from cold (right paw)
 q - an uncursed ring of fire
 r - a +6 ring of strength (left paw)
 w - the amulet "Fihinough" (around neck) {Regen+ Str+2}
   (You found it on level 7 of the Dungeon)

   [amulet of regeneration]

   It affects your strength (+2).
   It increases your rate of regeneration.
Wands
 s - a wand of polymorph (8)
 v - a wand of acid (7)
 A - a wand of flame (33)
 C - a wand of iceblast (15)
 E - a wand of paralysis (11)
Scrolls
 h - a scroll of immolation {unknown}
 k - a scroll of magic mapping {unknown}
 o - a scroll of blinking {unknown}
 p - 5 scrolls of remove curse
 t - 2 scrolls of fog
 u - a scroll of teleportation
 y - 2 scrolls of noise {unknown}
 D - a scroll of random uselessness {unknown}
Potions
 a - 2 potions of flight
 b - a potion of heal wounds
 c - 2 potions of curing
 e - 3 potions of haste
 g - 2 potions of degeneration
 i - a potion of brilliance
 j - 2 potions of cancellation
 l - a potion of lignification
 m - a potion of resistance {unknown}
 x - a potion of attraction {unknown}
 z - a potion of berserk rage {unknown}


   Skills:
 - Level 2.6 Dodging
 - Level 2.6 Stealth
 - Level 10.7 Spellcasting
 - Level 11.1 Conjurations
 + Level 7.6 Transmutations
 + Level 6.3 Earth Magic


You had 9 spell levels left.
You knew the following spells:

 Your Spells              Type           Power        Failure   Level
a - Magic Dart            Conj           100%         1%          1
b - Searing Ray           Conj           100%         1%          2
c - Fulminant Prism       Conj/Hex       19%          5%          4
d - Iskenderun's Mystic   Conj/Tloc      38%          5%          4
e - Mephitic Cloud        Conj/Pois/Air  29%          3%          3
s - Statue Form           Tmut/Erth      29%          41%         6

Your spell library contained the following spells:

 Spells                   Type           Power        Failure   Level
 Conjure Flame            Conj/Fire      38%          1%          3
 Dazzling Flash           Conj/Hex       76%          1%          3
 Irradiate                Conj/Tmut      27%          3%          5
 Animate Skeleton         Necr           24%          5%          1
 Pain                     Necr           48%          5%          1
 Poisonous Vapours        Pois/Air       24%          8%          2
 Vampiric Draining        Necr           6%           16%         3
 Hydra Form               Tmut           23%          34%         6
 Animate Dead             Necr           6%           45%         4
 Agony                    Necr           12%          82%         5
 Freezing Cloud           Conj/Ice/Air   14%          86%         6
 Dragon Form              Tmut           23%          88%         7


Dungeon Overview and Level Annotations

Branches:
Dungeon (9/15)             Temple (1/1) D:5            Lair (2/6) D:8
  Swamp (0/4) Lair:2
  Snake: Lair:2-4    Spider: Lair:2-4       Orc: D:9-12

Altars:
Ashenzari
Cheibriados
Dithmenos
Elyvilon
Fedhas
Gozag
Hepliaklqana
Kikubaaqudgha
Makhleb
Nemelex Xobeh
Okawaru
Qazlal
Ru
Sif Muna
Trog
Uskayaw
Vehumet
Wu Jian
Xom
Yredelemnul
Zin
The Shining One

Shops:
D:5 *   D:6 *[[=   D:7 (([}(   D:9 (*

Annotations:
D:6 1 runed translucent door


Innate Abilities, Weirdness & Mutations

You cannot wear armour.
You are incapable of wielding weapons or throwing items.
Your paws allow you to move quietly. (Stealth)
You have sharp claws.
You have razor-sharp teeth.
You have supernaturally acute eyesight. (SInv)
You cover ground quickly.
You are covered in thick fur. (AC +2)
Your sharp claws are effective at attacking unaware monsters.


Message History

Confirm with . or Enter, or press ? or * to list all spells.
Aiming: Mephitic Cloud (dangerous; 3% risk of failure)
Press: ? - help, Shift-Dir - straight line, f - boulder beetle
Aim: a boulder beetle (lightly wounded)
The ball explodes into a vile cloud!
The stinking cloud engulfs the boulder beetle but does no damage.
The boulder beetle is lightly wounded.
The boulder beetle is engulfed in noxious fumes.
The boulder beetle is engulfed in noxious fumes.
The boulder beetle waves its antennae.
The boulder beetle bites you!!
Ouch! That really hurt!
* * * LOW HITPOINT WARNING * * *
Unknown command.
The boulder beetle is engulfed in noxious fumes.
The boulder beetle curls into a ball and begins rolling!
There is a stone staircase leading up, spattered with blood here.
The boulder beetle hits you!!
Ouch! That really hurt!
You die...

***,,,,,*,,,*,,**##...
#..,......#,,,,* #....
#..##..#..#,,,,**##... *
**.......#.,,,,,,*#.... * ***
**,,.......,.....###.... *
*,******,,,#.....#..#....##.... *
**,,⌠,**,,##.⌠.⌠.##............
** *,,,,,#..#.......#..#.........
P***⌠,>,,'......@B○.#.........(..
***,,,,,,#.........°...#.........
P****,⌠,*......⌠.⌠.#°.)#.....#...
** *****#...#.......°###....#...
* *.#...........°.......... *
**##.#.......##......#... **
#..####...#........... ,*
##.,,.....###.....#... ,*
#*.....###...........


You could see a boulder beetle.

Vanquished Creatures
  A hydra (Lair:1)
  Harold (D:7)
  Erica (D:8)
  2 two-headed ogres (D:8)
  2 bog bodies (Lair:2)
  A black mamba (Lair:2)
  Maurice (D:8)
  4 cane toads
  3 komodo dragons
  Maggie (D:7)
  2 rime drakes
  A wyvern (Lair:2)
  A basilisk (Lair:1)
  9 yaks
  6 water moccasins
  2 black bears
  2 orc warriors
  4 sky beasts
  4 ogres
  A phantom (D:6)
  3 ice beasts
  A centaur (D:5)
  A gnoll sergeant (D:8)
  9 bullfrogs
  A water moccasin zombie (D:8)
  2 scorpions
  5 wights (D:8)
  7 howler monkeys
  A crimson imp (D:6)
  2 bullfrog zombies (D:8)
  A centaur skeleton (D:8)
  4 orc wizards
  4 orc priests
  2 hounds
  4 iguanas
  A jelly (D:7)
  2 bullfrog skeletons
  A gnoll shaman (D:8)
  A human skeleton (D:6)
  3 worker ants
  7 gnolls (D:8)
  8 adders
  A shadow imp (D:8)
  A white imp (D:5)
  An ufetubus (D:8)
  An adder zombie (D:7)
  An adder skeleton (D:9)
  3 worms
  2 leopard geckos
  19 orcs
  3 ball pythons
  4 giant cockroaches
  5 goblins
  7 hobgoblins
  3 jackals (D:4)
  3 quokkas
  8 bats
  4 frilled lizards
  4 kobolds
  A quokka skeleton (D:5)
  5 rats
  4 fulminant prisms
199 creatures vanquished.

Vanquished Creatures (others)
  70 fulminant prisms
  37 fungi
  43 plants
150 creatures vanquished.

Grand Total: 349 creatures vanquished

Notes
Turn   | Place    | Note
-------+----------+-------------------------------------------
     0 | D:1      | ooooo the Felid Conjurer began the quest for the Orb.
     0 | D:1      | Reached XP level 1. HP: 7/7 MP: 4/4
   263 | D:1      | Reached XP level 2. HP: 11/11 MP: 1/6
   266 | D:1      | Learned a level 2 spell: Searing Ray
  1039 | D:2      | Noticed a howler monkey
  1053 | D:2      | Killed a howler monkey
  1054 | D:2      | Reached skill level 4 in Conjurations
  1054 | D:2      | Reached XP level 3. HP: 14/14 MP: 3/8
  1341 | D:2      | Reached XP level 4. HP: 18/18 MP: 5/9
  1346 | D:2      | Learned a level 4 spell: Fulminant Prism
  1507 | D:2      | Found a shadowy altar of Dithmenos.
  2636 | D:4      | Found a shimmering altar of Xom.
  2701 | D:4      | Reached XP level 5. HP: 20/21 MP: 1/11
  2804 | D:4      | Learned a level 4 spell: Iskenderun's Mystic Blast
  2970 | D:4      | Reached skill level 5 in Conjurations
  3242 | D:5      | Entered Level 5 of the Dungeon
  3257 | D:5      | Noticed a centaur
  3273 | D:5      | Noticed an ogre
  3277 | D:5      | Killed a centaur
  3285 | D:5      | Noticed a sky beast
  3785 | D:5      | Found a stormy altar of Qazlal.
  3785 | D:5      | Noticed a water elemental
  3786 | D:5      | Noticed a fire elemental
  3786 | D:5      | Noticed an air elemental
  3805 | D:5      | Killed an ogre
  3806 | D:5      | Gained mutation: You are covered in thick fur. (AC +2)
                  | [Felid growth]
  3806 | D:5      | Reached XP level 6. HP: 24/24 MP: 3/13
  3883 | D:5      | Noticed an ice beast
  4196 | D:5      | Found Cereniot's General Store.
  4217 | D:5      | Bought a scroll of fog for 28 gold pieces
  4217 | D:5      | Bought a scroll of teleportation for 42 gold pieces
  4217 | D:5      | Bought a scroll of identify for 28 gold pieces
  4285 | D:5      | Noticed a sky beast
  4291 | D:5      | Killed a sky beast
  4292 | D:5      | Reached skill level 5 in Spellcasting
  4292 | D:5      | Reached skill level 6 in Conjurations
  4339 | D:5      | Reached XP level 7. HP: 27/27 MP: 11/15
  4453 | D:5      | Found a staircase to the Ecumenical Temple.
  4467 | Temple   | Entered the Ecumenical Temple
  4727 | Temple   | Became a worshipper of Sif Muna the Loreminder
  5152 | D:5      | Reached skill level 7 in Conjurations
  5300 | D:6      | Reached XP level 8. HP: 31/31 MP: 10/18
  5381 | D:6      | Found a runed translucent door.
  5395 | D:6      | Found Padoirghi's Armour Boutique.
  5398 | D:6      | Found Girax's Assorted Antiques.
  5402 | D:6      | Bought a blackened emerald ring for 145 gold pieces
  5474 | D:6      | Learned a level 3 spell: Mephitic Cloud
  5603 | D:6      | Found Kopinn's Armour Shoppe.
  5830 | D:6      | Found Mavvukh's Jewellery Shop.
  5861 | D:6      | Reached skill level 8 in Conjurations
  6231 | D:6      | Found a basalt altar of Yredelemnul.
  6264 | D:7      | Noticed Maggie
  6277 | D:7      | Killed Maggie
  6278 | D:7      | Reached XP level 9. HP: 34/34 MP: 4/22
  6461 | D:7      | Reached * piety under Sif Muna
  6533 | D:7      | Noticed Harold
  6607 | D:7      | Got a translucent emerald amulet
  6741 | D:7      | Found Moityr's Gadget Emporium.
  6746 | D:7      | Found Gecsusch's Weapon Boutique.
  6752 | D:7      | Found Bophexze's Antique Armour Shop.
  6799 | D:7      | Reached skill level 9 in Conjurations
  7219 | D:7      | Found Vosmoge's Weapon Emporium.
  7233 | D:7      | Found Irief's Weapon Emporium.
  7341 | D:7      | Killed from afar by Harold
  7342 | D:7      | Reached XP level 8. HP: -16/31 MP: 1/21
  7358 | D:7      | Killed Harold
  7359 | D:7      | Reached XP level 9. HP: 34/34 MP: 18/23
  7531 | D:7      | Identified the amulet "Fihinough" {Regen+ Str+2} (You found
                  | it on level 7 of the Dungeon)
  7555 | D:8      | Reached skill level 10 in Conjurations
  7799 | D:8      | Noticed Maurice
  7950 | D:8      | Noticed Erica
  8119 | D:8      | Noticed a komodo dragon
  8131 | D:8      | Killed a komodo dragon
  8210 | D:8      | Killed Erica
  8211 | D:8      | Reached skill level 10 in Spellcasting
  8266 | D:7      | Reached XP level 10. HP: 34/37 MP: 3/25
  8541 | D:8      | Killed Maurice
  8659 | D:8      | Found a broken altar of Ashenzari.
  8661 | D:8      | Found a snail-covered altar of Cheibriados.
  8663 | D:8      | Found an ancient bone altar of Kikubaaqudgha.
  8716 | D:8      | Found a staircase to the Lair.
  8742 | D:8      | You fall into a shaft and drop 1 floor!
  8743 | D:9      | Found Zin's Purification Station.
  8745 | D:9      | Found Kufofax's Antique Weapon Shoppe.
  8843 | D:9      | Found a glowing silver altar of Zin.
  8920 | D:9      | Reached ** piety under Sif Muna
  9087 | D:8      | Noticed a two-headed ogre
  9104 | D:8      | Killed a two-headed ogre
  9105 | D:8      | Reached skill level 11 in Conjurations
  9244 | D:8      | Learned a level 6 spell: Statue Form
  9293 | D:8      | Noticed a two-headed ogre
  9306 | D:8      | Killed a two-headed ogre
 10755 | Lair:1   | Entered Level 1 of the Lair of Beasts
 10775 | Lair:1   | Noticed a cane toad
 10803 | Lair:1   | Killed a cane toad
 10929 | Lair:1   | Noticed an eight-headed hydra
 10939 | Lair:1   | Reached XP level 11. HP: 17/40 MP: 10/26
 10939 | Lair:1   | Killed an eight-headed hydra
 10940 | Lair:1   | Reached skill level 5 in Transmutations
 11846 | Lair:2   | Reached *** piety under Sif Muna
 11874 | Lair:2   | Reached skill level 5 in Earth Magic
 11874 | Lair:2   | Noticed a boulder beetle
 11930 | Lair:2   | Slain by a boulder beetle
 11931 | Lair:2   | Reached XP level 10. HP: 0/55 MP: 3/25
 11931 | Lair:2   | Noticed a cane toad
 11931 | Lair:2   | Upgraded the game from 0.26-a0-1191-ge2a0e31ab3 to
                  | 0.26-a0-1205-g4083c211ab
 11934 | Lair:2   | Killed a cane toad
 11936 | Lair:2   | Noticed a cane toad
 11958 | Lair:2   | Killed a cane toad
 12212 | Lair:2   | Killed a black mamba
 12879 | Lair:2   | Noticed a bog body
 12883 | Lair:2   | Found a staircase to the Swamp.
 12883 | Lair:2   | Noticed a bog body
 12906 | Lair:2   | Killed a bog body
 13041 | Lair:2   | Killed a bog body
 13692 | Lair:2   | Demolished by a boulder beetle
 13693 | Lair:2   | Reached XP level 9. HP: -14/34 MP: 3/24
 14068 | Lair:2   | Found a staircase to the Swamp.
 14303 | Lair:2   | Annihilated by a boulder beetle

Illustrated notes

Levels and vault maps discovered:
D:1:      erik_arrival_orb_chamber, layout_loops_ring
D:2:      layout_basic, nicolae_dithmenos_shadow_blocks
D:3:      layout_loops_ring
D:4:      layout_loops_ring, lemuel_round_altar, st_stairs_1
D:5:      layout_cave_pools, minmay_temple_entry_ruins, serial_shops,
          nicolae_shop_statue_plus, st_stairs_8,
          nicolae_qazlal_style_of_elements
D:6:      layout_basic, serial_shops, shop, shop, shop, shop, minivault_1,
          minivault_22, dk_yredelemnul_ordeal
D:7:      layout_loops_ring, serial_shops, shop, shop, shop, shop, shop,
          uniq_harold, uniq_maggie
D:8:      minmay_inner_zag, layout_basic, grunt_temple_overflow_open,
          due_lair_maze_entry_diamond, uniq_maurice, uniq_erica
D:9:      layout_basic, zin_purify, orc_0_dummy, serial_shops, shop,
          hangedman_misty_isle
Temple:   eino_temple_rhombus
Lair:1:   layout_small_grid
Lair:2:   layout_gridlike, skrybe_swamp_entry_bodies, grunt_megastairs_2

Skill      XL: |  1  2  3  4  5  6  7  8  9 10 11 |
---------------+----------------------------------+-----
Spellcasting   | 3 4 5 6 9 10 | 10.7
Conjurations   | 4 5 6 7 8 10 11 | 11.1
Transmutations | 7 6 |  7.6
Earth Magic    | 6 5 |  6.3
Dodging        | |  2.6
Stealth        | |  2.6

Action                   |  1- 3 |  4- 6 |  7- 9 | 10-12 || total
-------------------------+-------+-------+-------+-------++-------
Melee: Unarmed           |     2 |     3 |    17 |    16 ||    38
       Bite              |       |       |     5 |       ||     5
 Cast: Magic Dart        |    42 |    29 |    16 |     3 ||    90
       Searing Ray       |     3 |    21 |    52 |    41 ||   117
       Fulminant Prism   |       |     3 |    22 |    49 ||    74
       Mephitic Cloud    |       |       |    22 |    18 ||    40
       Iskenderun's Myst |       |       |     6 |    26 ||    32
Invok: Channel Magic     |       |       |       |     2 ||     2
Evoke: Wand              |       |       |     3 |     3 ||     6
  Use: Scroll            |     1 |     6 |     1 |     4 ||    12
       Potion            |       |       |       |     6 ||     6
 Stab: Sleeping          |       |     1 |       |       ||     1
       Confused          |       |       |     4 |       ||     4
Armor: Skin              |       |       |     1 |    22 ||    23
Dodge: Dodged            |     2 |    14 |    48 |    26 ||    90

Table legend: (Time is in decaauts)
 A = Elapsed time spent in this place.
 B = Non-inter-level travel time spent in this place.
 C = Inter-level travel time spent in this place.
 D = Time resting spent in this place.
 E = Time spent auto-exploring this place.
 F = Levels seen in this place.
 G = Mean time per level.
                   A        B        C        D        E       F      G
               +--------+--------+--------+--------+--------+-----+--------+
         Total |  12796 |  12298 |    498 |   3088 |   7460 |  12 | 1066.3 |
       Dungeon |   9741 |   9385 |    356 |   2439 |   5682 |   9 | 1082.3 |
        Temple |    237 |    199 |     38 |      0 |    196 |   1 |  237.0 |
          Lair |   2817 |   2713 |    104 |    649 |   1581 |   2 | 1408.5 |
               +--------+--------+--------+--------+--------+-----+--------+

Top non-repeatable levels by time:
     D:8: 2153 daAuts
     D:7: 1941 daAuts
  Lair:2: 1682 daAuts
     D:4: 1327 daAuts
  Lair:1: 1135 daAuts
     D:5: 1000 daAuts
     D:6: 925 daAuts
     D:1: 905 daAuts
     D:2: 741 daAuts
     D:3: 494 daAuts
     D:9: 251 daAuts
  Temple: 237 daAuts
